AoeStats
← CDS95

Arena

510182849Analyzed
2v2 RM · 1d ago on Sep 29, 2026· 51m 40s· 4 players
Game mode
Random Map
Map size
Medium (4 player)
Population
200
Speed
Normal
Resources
Standard
Victory
Conquest
Starting age
Dark Age
Ending age
Imperial Age
RankedLock teamsTeams togetherTeam positionsShared explorationLock speedFull tech treeHidden civsTurbo modeCheats
Victory
Defeat
🇪🇸 Spanish · Spain
1015
+19
🇪🇸 Poles · Spain
1012
+19
🇺🇸 Bohemians · United States
1085
-19
🇵🇱 Danes · Poland
1067
-19
DonBuzzito
2:46 Loom
9:26 Feudal Age
10:42 Wheelbarrow
10:58 Double-Bit Axe
16:41 Castle Age
19:37 Fletching
20:11 Thumb Ring
20:19 Elite Skirmisher
23:16 Bodkin Arrow
24:49 Padded Archer Armor
25:57 Ballistics
26:42 Leather Archer Armor
30:32 Scale Mail Armor
30:38 Scale Barding Armor
30:45 Forging
31:02 Bow Saw
31:20 Scale Barding Armor
31:31 Chain Mail Armor
31:33 Gold Mining
32:03 Squires
31:24 Pikeman
31:50 Gambesons
33:22 Hand Cart
32:52 Town Watch
36:05 Imperial Age
34:18 Iron Casting
34:47 Stone Mining
35:39 Gold Shaft Mining
35:22 Masonry
36:51 Bracer
36:20 Halberdier
37:52 Plate Mail Armor
40:46 Blast Furnace
41:00 Bracer
41:37 Conscription
41:29 Hamask
47:02 Ring Archer Armor
46:06 Elite Varangian Guard
shortsnorter
9:05 Loom
11:10 Feudal Age
15:20 Castle Age
20:17 Redemption
26:09 Imperial Age
25:08 Sanctity
27:29 Block Printing
CDS95
11:43 Feudal Age
16:31 Castle Age
15:03 Loom
15:12 Double-Bit Axe
15:12 Horse Collar
18:12 Bow Saw
19:22 Wheelbarrow
20:31 Heavy Plow
23:47 Hand Cart
27:56 Imperial Age
25:44 Husbandry
26:20 Pikeman
27:15 Forging
27:11 Scale Barding Armor
27:19 Bloodlines
26:33 Light Cavalry
28:26 Szlachta Privileges
29:13 Gold Mining
29:13 Stone Mining
29:48 Squires
29:33 Arson
30:33 Iron Casting
29:59 Scale Mail Armor
32:17 Blast Furnace
31:49 Chain Barding Armor
32:41 Conscription
33:06 Cavalier
35:37 Chain Mail Armor
38:43 Crop Rotation
38:50 Stone Shaft Mining
39:10 Winged Hussar
43:26 Man-at-Arms
44:00 Long Swordsman
45:13 Plate Mail Armor
44:36 Two-Handed Swordsman
46:38 Champion
47:20 Padded Archer Armor
Pat
11:25 Feudal Age
15:34 Castle Age
13:34 Double-Bit Axe
14:03 Horse Collar
14:24 Loom
20:04 Padded Archer Armor
33:19 Stone Mining
41:10 Heavy Plow
Connection lost

Rejoining the realm…

Still unreachable

The connection could not be restored.

Session expired

The server has moved on; the page needs a fresh start.